 Dungeon Crawl Stone Soup version 0.13-a0-2527-g93fcdc4 (webtiles) character file.

207 Kae the Cudgeler (level 4, -2/39 HPs)
             Began as a Minotaur Berserker on July 25, 2013.
             Was a Believer of Trog.
             Slain by an orc
             ... wielding a -1,+1 orcish war axe
              (5 damage)
             ... on Level 3 of the Dungeon.
             The game lasted 00:01:29 (2027 turns).

Kae the Cudgeler (Minotaur Berserker)               Turns: 2027, Time: 00:01:29

HP  -2/39        AC  5     Str 21      XL: 4   Next: 63%
MP   1/1         EV 12     Int  5      God: Trog [**....]
Gold 95          SH  0     Dex 10      Spells:  0 memorised,  3 levels left

Res.Fire  : . . .   See Invis. : .   a - +0 mace
Res.Cold  : . . .   Warding    : .   b - +0 animal skin
Life Prot.: . . .   Conserve   : .   (no shield)
Res.Poison: .       Res.Corr.  : .   (helmet restricted)
Res.Elec. : .       Clarity    : .   o - +2 cloak
Sust.Abil.: . .     Spirit.Shd : .   (no gloves)
Res.Mut.  : .       Stasis     : .   (no boots)
Res.Rott. : .       Flight     : .   (no amulet)
Saprovore : . . .                    (no ring)
                                     (no ring)

@: regenerating (expiring), quite resistant to hostile enchantments, unstealthy
A: retaliatory headbutt, horns 2
a: Burn Spellbooks, Berserk, Trog's Hand, Renounce Religion


You were on level 3 of the Dungeon.
You worshipped Trog.
Trog was most pleased with you.
You were hungry.

You visited 1 branch of the dungeon, and saw 3 of its levels.

You collected 75 gold pieces.

Inventory:

Hand weapons
 a - a +0,+0 mace (weapon)
Armour
 b - a +0 animal skin (worn)
 o - a +2 cloak (worn)
 v - a +2 pair of gauntlets
Comestibles
 c - 3 bread rations
 i - a lychee
 s - a rotting chunk of worm flesh
Scrolls
 e - 6 scrolls of remove curse {unknown}
 f - 2 scrolls of identify {unknown}
 k - a scroll of blinking {unknown}
 p - a scroll of teleportation {unknown}
 r - a scroll of noise {unknown}
 t - a scroll of curse jewellery {unknown}
Jewellery
 l - an uncursed amulet of conservation {unknown}
 n - a cursed -3 ring of strength {unknown}
Potions
 d - a potion of decay {unknown}
 g - a potion of restore abilities {unknown}
 h - a potion of resistance {unknown}
 j - a potion of speed {unknown}
 m - 2 potions of curing {unknown}
 u - a potion of poison {unknown}


   Skills:
 - Level 3.6 Fighting
 * Level 6.6 Maces & Flails
 - Level 2.4 Armour
 - Level 2.1 Dodging


You had 3 spell levels left.
You didn't know any spells.

Dungeon Overview and Level Annotations

Branches:
Dungeon (3/27)

Altars:


Innate Abilities, Weirdness & Mutations

You reflexively headbutt those who attack you in melee.
You have a pair of horns on your head.


Message History

You hit the orc priest.
The orc priest is moderately wounded.
The orc hits you but does no damage.
The orc priest hits you with an orcish mace!
You hit the orc priest.
The orc priest is heavily wounded.
The orc barely misses you.
You hit the orc priest. Your headbutt misses the orc priest.
The orc priest is severely wounded.
The orc priest hits you with an orcish mace!
* * * LOW HITPOINT WARNING * * *
The orc hits you with an orcish war axe.
* * * LOW HITPOINT WARNING * * *
Some of the chunks of flesh in your inventory have completely rotted away.
You closely miss the orc priest.
The orc priest is severely wounded.
Your skin is crawling a little less now.
The orc priest hits you but does no damage.
The orc hits you with an orcish war axe.
You die...

#.#
#.....#.##.##.#.#
#.. #.....#
##.##.#.# # .
#.....# ##.##.#..
# ... ###+#.#
#.....### #
....###.#.#
#......#
..........#
#.####)#
...........# #.#
#.# ....###.#.#
#.# #.# . #@#.#
#.# #.#
.......oo#.#
#.####.#
..#####o#.#
#......# #g#.#
######## .....
....# #.## ###


You could see an orc priest, 2 orcs and a goblin.

Vanquished Creatures
  2 orc wizards (D:3)
  An adder (D:3)
  A worm (D:3)
  3 giant geckos
  An ooze (D:3)
  2 orcs (D:3)
  3 giant cockroaches
  5 hobgoblins
  6 jackals
  6 kobolds
  6 bats
  A goblin (D:2)
  3 rats
40 creatures vanquished.

Notes
Turn   | Place    | Note
--------------------------------------------------------------
     0 | D:1      | Kae, the Minotaur Berserker, began the quest for the Orb.
     0 | D:1      | Reached XP level 1. HP: 19/19 MP: 0/0
   157 | D:1      | Reached skill level 4 in Maces & Flails
   184 | D:1      | Reached XP level 2. HP: 23/26 MP: 0/0
   730 | D:2      | Acquired Trog's second power
  1159 | D:2      | Reached skill level 5 in Maces & Flails
  1541 | D:2      | Reached XP level 3. HP: 20/33 MP: 1/1
  1956 | D:3      | Reached skill level 6 in Maces & Flails
  1956 | D:3      | Reached XP level 4. HP: 35/39 MP: 1/1
  2027 | D:3      | Slain by an orc

Action                   |  1- 3 |  4- 6 || total
-------------------------+-------+-------++-------
Melee: Mace              |    87 |    16 ||   103
Invok: Trog's Hand       |     1 |     1 ||     2
 Stab: Sleeping          |     1 |       ||     1
